 Dungeon Crawl Stone Soup version 0.31-a0-187-gba352fbbf7 (webtiles) character file.

Game seed: 15140774797332205452

1628 qw the Skirmisher (level 8, -4/46 HPs)
             Began as a Deep Elf Hunter on June 22, 2023.
             Succumbed to a water moccasin's poison
             ... on level 5 of the Dungeon.
             The game lasted 00:01:43 (3294 turns).

qw the Skirmisher (Deep Elf Hunter)                 Turns: 3294, Time: 00:01:44

Health: -4/46      AC:  6    Str: 10    XL:     8   Next: 65%
Magic:  10/10      EV: 17    Int: 15    God:
Gold:   179        SH:  0    Dex: 18    Spells: 7/7 levels left

rFire   . . .        Y - +2 shortbow
rCold   . . .        (shield currently unavailable)
rNeg    . . .        j - +0 ring mail
rPois   .            (helmet restricted)
rElec   .            (no cloak)
rCorr   .            (no gloves)
SInv    .            i - +0 pair of boots
Will    .....        (no amulet)
Stlth   +            d - +4 ring of slaying {mikee}
HPRegen 0.27/turn    f - +5 ring of evasion
MPRegen 0.12/turn

%: clarity
@: lethally poisoned (-4 -> -28), about to teleport
A: antennae 1, hooves 1, clarity, inability to read after injury 1
a: no special abilities


You were on level 5 of the Dungeon.
You visited 1 branch of the dungeon, and saw 5 of its levels.
You also visited: Ossuary.

You collected 179 gold pieces.


Innate Abilities, Weirdness & Mutations

You have a pair of small antennae on your head.
You have large cloven feet.
You possess an exceptional clarity of mind.
You occasionally lose the ability to read scrolls when taking damage.


   Skills:
 - Level 3.2 Fighting
 + Level 13.5 Ranged Weapons
 - Level 1.7 Armour
 - Level 4.0 Dodging
 - Level 1.2 Stealth


You had 7 spell levels left.
You didn't know any spells.
Your spell library was empty.

Inventory:

Hand Weapons
 Y - a +2 shortbow (weapon)
Armour
 i - a +0 pair of boots (worn)
 j - a +0 ring mail (worn)
Jewellery
 d - a +4 ring of slaying (left hand) {mikee}
 f - a +5 ring of evasion (right hand)
Scrolls
 a - 2 scrolls of teleportation
 g - a scroll of identify
Potions
 b - a potion of curing
 h - a potion of haste

Dungeon Overview and Level Annotations

Branches:
Dungeon (5/15)            Ossuary (visited)
 Temple: D:4-7

Altars:

Shops:
D:1 ?   D:3 (   D:4 :


Message History

You feel sick. The adder closely misses you.
The water moccasin barely misses you.
You shoot an arrow.
The arrow barely misses the water moccasin.
You feel sick. The water moccasin misses you. The adder completely misses you.
The water moccasin closely misses you.
You shoot an arrow.
The arrow closely misses the water moccasin.
You feel sick. The adder misses you.
The water moccasin bites you but does no damage.
3289 ||| READING 4 scrolls of teleportation.
As you read the scroll of teleportation, it crumbles to dust.
You feel strangely unstable.
You feel sick. The adder barely misses you.
The water moccasin bites you but does no damage.
The adder closely misses you.
3290 ||| DRINKING potion of heal wounds.
You feel much better.
You feel sick. The water moccasin bites you.
You are more poisoned.
The water moccasin poisons you! The adder completely misses you.
You shoot an arrow. The arrow hits the water moccasin.
The water moccasin is severely wounded.
You feel very sick. The water moccasin bites you.
You are lethally poisoned!
The water moccasin poisons you! The adder misses you.
The water moccasin bites you but does no damage.
You shoot an arrow.
The arrow closely misses the water moccasin.
You feel very sick. The adder completely misses you.
The water moccasin bites you.
You shoot an arrow. The arrow misses the water moccasin.
Your surroundings flicker for a moment.
You feel very sick. The adder bites you. The water moccasin closely misses you.
3294 ||| READING 3 scrolls of teleportation.
As you read the scroll of teleportation, it crumbles to dust.
You feel strangely unstable.
You die...

%.######## #<
#........###...$$...#
#(
#####......#..$..$..#
.# #..#..##..$..$..#
.# #..#..##...$$...
#. #..#..###...... #
#..#....##....
...#.###.##'S#
.##.#.# #.##.@## #.#
. #.#.# #)###.S#....#
#.#.###.)))).).#
#............#...#
###.###########.## #.
.# #


You could see a water moccasin and an adder.

Vanquished Creatures
  Grinder (D:3)
  A black bear (D:4)
  An ice beast (D:5)
  3 ogres
  4 water moccasin zombies (Ossuary)
  3 scorpions
  An orc priest (D:5)
  A sleepcap (D:4)
  2 hounds
  4 iguanas
  4 orc wizards
  3 mummies
  5 adders
  5 gnolls
  A shadow imp (D:5)
  A white imp (D:5)
  5 adder zombies (Ossuary)
  2 worms (D:2)
  4 dart slugs
  11 orcs
  10 bats
  9 endoplasms
  A giant cockroach (D:4)
  6 goblins
  7 hobgoblins
  3 quokkas
  4 ball pythons
  6 frilled lizards
  A goblin zombie (D:4)
  2 hobgoblin zombies (Ossuary)
  11 kobolds
  6 kobold zombies (Ossuary)
  5 orc zombies
  4 rats
137 creatures vanquished.

Notes
Turn   | Place    | Note
-------+----------+-------------------------------------------
     0 | D:1      | qw the Deep Elf Hunter began the quest for the Orb.
     0 | D:1      | Reached XP level 1. HP: 12/12 MP: 3/3
     0 | D:1      | 0 ||| qw: Version: 0.3-a-9-g12657ce
     0 | D:1      | 0 ||| qw: Game counter: 2083
     0 | D:1      | 0 ||| qw: Always use a shield: true
     0 | D:1      | 0 ||| qw: God list: Okawaru
     0 | D:1      | 0 ||| qw: Allow faded altars: false
     0 | D:1      | 0 ||| qw: Do Orc after D:15 true
     0 | D:1      | 0 ||| qw: Do second Lair branch before Depths: true
     0 | D:1      | 0 ||| qw: Lair rune preference: random
     0 | D:1      | 0 ||| qw: Plans: Normal
     0 | D:1      | 0 ||| PLANNING D:1-11
   149 | D:1      | Reached skill level 6 in Ranged Weapons
   149 | D:1      | Reached XP level 2. HP: 16/16 MP: 4/4
   183 | D:1      | Found Mohoitux's Magic Scroll Emporium.
   191 | D:1      | 191 ||| SHOPLISTING 3 scrolls of brand weapon (370 gold,
                  | have 12).
   191 | D:1      | 191 ||| SHOPLISTING scroll of identify (26 gold, have 12).
   416 | D:1      | Reached XP level 3. HP: 20/20 MP: 5/5
   806 | D:1      | 806 ||| UPGRADING to +0 ring mail.
   816 | D:1      | 816 ||| DROPPING +0 leather armour.
   817 | D:1      | 817 ||| UPGRADING to +4 ring of slaying {mikee}.
   818 | D:1      | 818 ||| READING scroll labelled WARUYH BIFIHYM.
   919 | D:1      | 919 ||| READING scroll labelled HACKIGRACHO.
   920 | D:1      | 920 ||| READING scroll labelled VUTEIS DEECHIM.
   921 | D:1      | 921 ||| READING scroll labelled JYWEKE VADUI.
   922 | D:1      | 922 ||| DROPPING scroll of butterflies.
   975 | D:2      | Reached skill level 7 in Ranged Weapons
  1314 | D:2      | Reached XP level 4. HP: 25/25 MP: 6/6
  1565 | D:2      | 1565 ||| READING 2 scrolls labelled BIOLIKERCHE.
  1566 | D:2      | 1566 ||| READING scroll of enchant weapon.
  1566 | D:2      | 1566 ||| ENCHANTING +1 shortbow.
  1567 | D:2      | 1567 ||| READING scroll labelled VARAER XAGITS.
  1568 | D:2      | 1568 ||| READING scroll labelled GOIT ZOATAECH.
  1584 | D:3      | Noticed Grinder
  1592 | D:3      | Killed Grinder
  1593 | D:3      | Reached skill level 9 in Ranged Weapons
  1593 | D:3      | Reached XP level 5. HP: 29/29 MP: 7/7
  1593 | D:3      | Reached XP level 6. HP: 34/34 MP: 8/8
  1774 | D:3      | Found Faocsal's Antique Weapon Shop.
  1786 | D:3      | 1786 ||| SHOPLISTING glowing orcbow (182 gold, have 117).
  1883 | D:3      | 1883 ||| UPGRADING to +5 ring of evasion.
  1884 | D:3      | 1884 ||| READING scroll labelled TOMEHUO MALIRE.
  1885 | D:3      | 1885 ||| READING 2 scrolls labelled DAUQEA QUTHROL.
  1886 | D:3      | 1886 ||| DRINKING 2 glowing blue potions.
  1887 | D:3      | 1887 ||| DRINKING 2 fizzy brown potions.
  1887 | D:3      | Gained mutation: You occasionally lose the ability to read
                  | scrolls when taking damage. [potion of mutation]
  1887 | D:3      | Gained mutation: Armour fits poorly on your strangely
                  | shaped body. [potion of mutation]
  1887 | D:3      | Gained mutation: You have hidden genetic potential. [potion
                  | of mutation]
  1888 | D:3      | 1888 ||| DRINKING potion of mutation.
  1888 | D:3      | Lost mutation: Armour fits poorly on your strangely shaped
                  | body. [potion of mutation]
  1888 | D:3      | Lost mutation: You have hidden genetic potential. [potion
                  | of mutation]
  1888 | D:3      | Gained mutation: You have large cloven feet. [potion of
                  | mutation]
  1888 | D:3      | Gained mutation: You sometimes lose the ability to read
                  | scrolls when taking damage. [potion of mutation]
  1888 | D:3      | Gained mutation: You are partially covered in iridescent
                  | scales. (AC +2) [potion of mutation]
  1888 | D:3      | Gained mutation: You have a pair of small antennae on your
                  | head. [potion of mutation]
  1889 | D:3      | 1889 ||| DROPPING scroll of fear.
  1897 | D:4      | 1897 ||| PLANNING OSSUARY
  1902 | D:4      | Found Iskae's Self-Improvement Boutique.
  1943 | D:4      | Reached skill level 10 in Ranged Weapons
  2065 | D:4      | Found a sand-covered staircase.
  2072 | Ossuary  | Entered an ossuary
  2098 | Ossuary  | Reached skill level 3 in Dodging
  2111 | Ossuary  | Reached XP level 7. HP: 40/40 MP: 9/9
  2196 | Ossuary  | Reached skill level 11 in Ranged Weapons
  2246 | Ossuary  | 2246 ||| DRINKING potion of mutation.
  2246 | Ossuary  | Lost mutation: You sometimes lose the ability to read
                  | scrolls when taking damage. [potion of mutation]
  2246 | Ossuary  | Lost mutation: You are partially covered in iridescent
                  | scales. (AC +2) [potion of mutation]
  2246 | Ossuary  | Gained mutation: You possess an exceptional clarity of
                  | mind. [potion of mutation]
  2263 | Ossuary  | 2263 ||| DRINKING 4 purple potions.
  2283 | Ossuary  | 2283 ||| DRINKING 3 grey potions.
  2284 | Ossuary  | 2284 ||| DRINKING 2 murky golden potions.
  2285 | Ossuary  | 2285 ||| DRINKING 2 metallic white potions.
  2389 | Ossuary  | 2389 ||| DROPPING 3 potions of lignification.
  2390 | Ossuary  | 2390 ||| DROPPING potion of attraction.
  2391 | Ossuary  | 2391 ||| DROPPING potion of berserk rage.
  2394 | D:4      | 2394 ||| PLANNING D:1-11
  2479 | D:4      | Reached skill level 12 in Ranged Weapons
  2483 | D:4      | Reached skill level 1 in Armour
  2840 | D:4      | Reached skill level 3 in Fighting
  2840 | D:4      | Reached XP level 8. HP: 46/46 MP: 10/10
  2903 | D:4      | 2903 ||| UPGRADING to +0 pair of boots.
  2908 | D:4      | 2908 ||| DRINKING 2 coppery potions.
  2909 | D:4      | 2909 ||| DRINKING 2 bubbling silvery potions.
  2910 | D:4      | 2910 ||| READING 2 scrolls of identify.
  2910 | D:4      | 2910 ||| IDENTIFYING white potion
  2911 | D:4      | 2911 ||| DROPPING potion of magic.
  2912 | D:4      | 2912 ||| DROPPING potion of invisibility.
  2952 | D:5      | Entered Level 5 of the Dungeon
  3177 | D:5      | Reached skill level 13 in Ranged Weapons
  3276 | D:5      | HP: 11/46 [white imp/puff of frost (6)]
  3277 | D:5      | 3277 ||| DRINKING 2 potions of heal wounds.
  3288 | D:5      | HP: 10/46 [poisoned by a water moccasin]
  3289 | D:5      | 3289 ||| READING 4 scrolls of teleportation.
  3290 | D:5      | 3290 ||| DRINKING potion of heal wounds.
  3293 | D:5      | HP: 4/46 [poisoned by a water moccasin]
  3293 | D:5      | HP: 1/46 [adder (3)]
  3294 | D:5      | 3294 ||| READING 3 scrolls of teleportation.
  3294 | D:5      | Succumbed to a water moccasin's poison

Levels and vault maps discovered:
D:1:      nzn_arrival_depleted_hourglass, layout_loops_ring, serial_shops,
          nicolae_shop_waterfront, minmay_misc_feat_more_columns
D:2:      layout_loops_ring
D:3:      layout_rooms, serial_shops, shop, uniq_grinder
D:4:      wad_river_or_something, layout_basic, nicolae_ossuary_entry_giza,
          nicolae_shop_self_help
D:5:      minmay_polygon_palace, layout_loops_ring, nicolae_elemental_shop

Skill      XL: |  1  2  3  4  5  6  7  8 |
---------------+-------------------------+-----
Ranged Weapons | 6 7 9 10 12 13 | 13.5
Fighting       | 2 3 |  3.2
Dodging        | 3 4 |  4.0
Armour         | 1 |  1.7
Stealth        | |  1.2

Action                     |  1- 3 |  4- 6 |  7- 9 || total
---------------------------+-------+-------+-------++-------
   Fire: Shortbow          |   115 |    95 |   201 ||   411
    Use: Scroll            |     4 |     6 |     3 ||    13
         Potion            |       |     3 |     9 ||    12
 Armour: Leather armour    |     9 |       |       ||     9
         Ring mail         |     4 |     7 |    23 ||    34
  Dodge: Dodged            |    18 |    28 |    95 ||   141

Table legend:
 A = Non-vault XP
 B = Vault XP
 C = Vault XP percentage of total XP
 D = Non-vault monster count
 E = Vault monster count
 F = Vault count percentage of total count
                 A         B        C        D         E       F
            +---------+---------+-------+---------+---------+-------
      Total |    1219 |    1108 |  47.6 |      99 |      38 |  27.7
            +---------+---------+-------+---------+---------+-------
        D:1 |      61 |       0 |   0.0 |      29 |       0 |   0.0
        D:2 |      37 |       0 |   0.0 |      17 |       0 |   0.0
        D:3 |      64 |     281 |  81.4 |      16 |       1 |   5.9
        D:4 |     290 |     412 |  58.7 |      20 |      12 |  37.5
        D:5 |     767 |      22 |   2.8 |      17 |       2 |  10.5
    Ossuary |       0 |     393 | 100.0 |       0 |      23 | 100.0
            +---------+---------+-------+---------+---------+-------
